Map: Baie de réparation EC

Players

zidar - Winner!

  • Race: Zerg Zerg
  • League: Gold
  • Spawn Location: 1:00

PUTTYA

  • Race: Terran Terran
  • League: Gold
  • Spawn Location: 7:00

VOD

Have the link to the VOD?

Description

Time

  • Played on: Sept. 3, 2017, 10:12 a.m.
  • Length: 21:31
Show
View Real Time Build Order
Export as new Build Order

zidar Zerg - Winner!

Build Orders: Pool First 

Get SALT Encoding   

  12  0:02  Drone  
  13  0:12  Overlord  
  13  0:17  Drone  
  14  0:30  Drone x2  
  14  0:34  Drone  
  17  0:49  Spawning Pool  
  16  0:52  Drone  
  17  1:15  Hatchery  
  17  1:18  Drone  
  17  1:21  Extractor  
  17  1:22  Drone  
  17  1:35  Queen  
  18  1:50  Roach Warren  
  18  1:52  Drone  
  18  2:03  Overlord  
  18  2:12  Queen  
  20  2:29  Extractor  
  19  2:33  Roach x3  
  25  2:38  Zergling x2  
  26  2:56  Roach x2  
  30  3:11  Roach x2  
  34  3:26  Roach  
  36  3:38  Overlord  
  36  3:40  Overlord  
  35  3:55  Spine Crawler  
  34  4:15  Roach x2  
  38  4:42  Roach x2  
  42  4:56  Drone  
  42  4:59  Overlord x2  
  43  5:20  Roach  
  43  5:21  Roach x2  
  49  5:35  Lair  
  49  5:39  Drone x2  
  52  5:42  Drone  
  42  6:22  Ravager  
  42  6:23  Ravager x4  
  47  6:26  Roach x5  
  47  6:27  Roach  
  59  6:34  Drone  
  59  6:36  Overlord  
  60  6:59  Drone x7  
  55  8:00  Drone x8  
  55  8:01  Drone x4  
  67  8:14  Spire  
  66  8:26  Ravager  
  66  8:34  Hatchery  
  60  8:55  Evolution Chamber  
  59  8:58  Queen  
  59  9:00  Evolution Chamber  
  60  9:06  Drone x2  
  60  9:07  Drone x2  
  60  9:08  Drone  
  65  9:15  Spore Crawler  
  64  9:18  Extractor  
  64  9:22  Extractor, Drone x6  
  68  9:30  Spore Crawler  
  67  9:34  Drone  
  68  10:07  Mutalisk x3  
  68  10:12  Overlord x7  
  74  10:18  Zerg Melee Weapons Level 1  
  74  10:20  Zerg Ground Armor Level 1  
  68  11:14  Mutalisk x5  
  78  11:19  Zergling x10  
  78  11:20  Zergling x26  
  78  11:21  Metabolic Boost  
  96  11:31  Baneling Nest  
  95  11:40  Drone x5  
  100  11:57  Infestation Pit  
  99  12:09  Drone x7  
  106  12:21  Centrifical Hooks  
  106  12:25  Baneling x8  
  106  12:26  Baneling  
  106  12:37  Zergling x10  
  111  12:45  Zergling x8  
  115  13:05  Baneling x11  
  115  13:13  Zergling x14  
  115  13:15  Overlord  
  115  13:16  Overlord  
  97  13:40  Zergling x2  
  97  13:41  Zergling x24  
  110  13:54  Baneling x14  
  110  14:02  Drone x5  
  115  14:11  Hive  
  115  14:47  Extractor, Zerg Melee Weapons Level 2  
  115  14:49  Extractor, Zerg Ground Armor Level 2  
  113  15:00  Drone x5  
  113  15:01  Drone x2  
  113  15:02  Hatchery  
  119  15:18  Zergling x2  
  119  15:19  Zergling x34  
  137  15:37  Adrenal Glands  
  137  15:45  Ultralisk Cavern  
  136  15:50  Hatchery  
  136  15:55  Baneling x17  
  136  15:56  Baneling  
  135  15:59  Overlord  
  135  16:34  Chitinous Plating  
  135  16:49  Ultralisk  
  135  16:52  Overlord  
  135  16:53  Overlord x3  
  141  17:06  Zerg Melee Weapons Level 3, Zerg Ground Armor Level 3  
  141  17:13  Drone x8  
  149  17:19  Ultralisk  
  149  17:21  Ultralisk  
  143  18:17  Zergling x14  
  143  18:18  Zergling x24  
  162  18:21  Zergling x6  
  162  18:26  Ultralisk x2  
  177  18:33  Overlord x4  
  177  18:52  Baneling x3  
  177  18:53  Baneling x13  
  177  18:54  Baneling x7  
  177  19:10  Extractor  
  177  19:11  Extractor  
  132  19:38  Zergling x26  
  134  19:39  Zergling x26  
  148  20:14  Baneling x9  
  148  20:15  Baneling x8  
  148  20:18  Zergling x38  
Show
View Real Time Build Order
Export as new Build Order

PUTTYA Terran 

Build Orders:  

Get SALT Encoding   

  12  0:04  SCV  
  13  0:21  SCV  
  14  0:30  Supply Depot  
  14  0:33  Refinery  
  14  0:34  SCV  
  15  0:51  SCV  
  15  0:56  Barracks  
  17  1:04  SCV  
  17  1:12  Barracks  
  17  1:18  Barracks  
  17  1:37  Supply Depot  
  17  1:39  SCV  
  18  1:55  Marine  
  19  2:02  Factory  
  19  2:05  Marine  
  19  2:06  Marine  
  21  2:15  Refinery  
  21  2:17  Marine  
  21  2:22  SCV  
  23  2:25  Marine  
  24  2:33  Barracks Reactor  
  24  2:36  Marine  
  25  2:48  Supply Depot  
  27  2:51  Hellion  
  27  2:57  Marine  
  28  3:18  Cyclone  
  31  3:24  Marine x2  
  33  3:38  Marine x2  
  35  3:55  SCV  
  35  3:57  Starport  
  35  3:58  Factory Tech Lab  
  36  4:05  Barracks Tech Lab  
  36  4:09  Marine x2  
  38  4:13  Barracks  
  38  4:26  Supply Depot  
  38  4:48  Siege Tank  
  41  4:59  Liberator  
  41  5:09  Liberator  
  41  5:12  Command Center  
  41  5:18  Supply Depot  
  47  5:42  Orbital Command  
  47  5:51  Barracks Reactor  
  47  5:55  Stimpack  
  47  6:04  Engineering Bay  
  32  6:19  Marine  
  32  6:20  Marine x2  
  32  6:37  Marine  
  32  6:38  Marauder  
  32  6:39  Barracks Reactor  
  35  6:47  Medivac  
  37  6:59  Marauder  
  39  7:07  Medivac  
  41  7:08  Marine  
  42  7:18  Orbital Command  
  42  7:21  Marauder  
  44  7:28  Marine  
  45  7:42  Marauder  
  34  7:58  Siege Tank  
  37  7:59  Marine x5  
  37  8:04  Marine  
  43  8:16  Marine  
  43  8:17  Marine  
  45  8:33  SCV  
  46  8:50  Marine  
  46  8:51  Marine  
  48  9:01  Terran Infantry Weapons Level 1  
  48  9:07  Orbital Command  
  48  9:08  Marine  
  49  9:10  Marine, Barracks Reactor  
  49  9:11  Marine x3  
  53  9:29  Marauder  
  55  9:45  Marine x4  
  56  9:51  Marauder  
  58  9:55  Marine x2  
  58  9:59  SCV  
  61  10:03  Marine  
  64  10:21  Marauder  
  64  10:26  Supply Depot  
  64  10:56  Missile Turret  
  64  11:00  Missile Turret  
  64  11:03  Marine x3  
  69  11:09  Widow Mine  
  69  11:15  Supply Depot  
  69  11:20  Missile Turret  
  69  11:23  Missile Turret  
  69  11:29  Medivac  
  73  11:37  Widow Mine  
  73  11:44  Missile Turret  
  73  11:45  Missile Turret  
  73  11:49  Missile Turret  
  73  11:51  SCV  
  74  11:54  Marine  
  75  12:09  Marine x3, Marauder  
  75  12:12  Supply Depot  
  80  12:33  Marine x3  
  80  12:34  Marine, Marauder  
  86  12:38  Marine x2  
  86  12:44  Terran Infantry Armor Level 1  
  88  12:55  Marauder  
  88  12:57  Viking  
  88  12:58  Viking  
  94  13:03  Marine x3  
  94  13:04  Marine  
  98  13:07  SCV  
  99  13:16  Marauder  
  99  13:19  SCV  
  43  13:49  Widow Mine  
  43  13:52  Marine x4, Refinery  
  43  13:54  Marine  
  48  14:01  Marine x2  
  50  14:03  Barracks  
  50  14:09  Marine  
  50  14:15  Marine x2  
  53  14:19  Marauder  
  55  14:26  Cyclone  
  58  14:40  Refinery  
  58  14:41  SCV x2  
  60  14:58  Cyclone  
  63  15:03  Marine x2  
  63  15:04  Marauder  
  63  15:06  Command Center  
  67  15:09  Barracks Reactor  
  67  15:22  Marine x2  
  67  15:23  Marine x2  
  67  15:24  Barracks  
  67  15:25  Marauder  
  73  15:29  SCV  
  73  15:31  Armory  
  74  15:36  Siege Tank  
  74  15:38  Marine x2  
  74  15:40  Marine  
  80  15:44  Marine  
  80  15:45  Marine  
  80  15:47  Marauder  
  84  15:52  Marine x3  
  84  15:56  Marine  
  88  16:02  Medivac  
  90  16:08  Marauder  
  92  16:18  Marine x2  
  92  16:20  Bunker  
  94  16:38  Barracks Reactor  
  94  16:45  Command Center  
  94  16:53  Planetary Fortress  
  94  16:56  Marine  
  95  17:04  Liberator  
  95  17:05  Liberator  
  95  17:08  Supply Depot  
  95  17:09  Siege Tank  
  95  17:10  Marine x2  
  95  17:11  Marine  
  107  17:25  Marine  
  107  17:29  SCV  
  109  17:41  SCV  
  109  17:42  Missile Turret  
  112  18:00  Widow Mine  
  112  18:03  Missile Turret  
  58  18:09  Planetary Fortress, Supply Depot  
  54  18:20  Marine  
  54  18:21  Marine x5  
  54  18:22  Marine x2  
  54  18:25  Marine  
  65  18:28  Widow Mine  
  65  18:32  Supply Depot  
  65  18:36  Refinery  
  65  18:52  Starport  
  65  18:58  Factory  
  65  19:01  Missile Turret  
  45  19:32  Marine x5  
  45  19:33  Marine  
  45  19:34  Marine x3  
  47  19:49  Marine  
  47  19:50  Marine  
  39  20:01  Marine  
  39  20:02  Medivac x2  
  44  20:08  Marine x4  
  44  20:09  Marine x2  
  50  20:28  Marine x3  
  50  20:29  Marine x4  
  50  20:32  Medivac  
  59  20:37  Medivac  
  59  20:41  Command Center  
Tags
 
Add a new tag
Caveats
  • Supply blocks, unpowered buildings, or Contaminate may cause inaccurate times.
  • Supply counts are checked every 10 seconds.